 Dungeon Sprint DCSS version 0.31-a0-662-g684573625c (webtiles) character file.

Game seed: 832923062819566474

12523 sircluck the Brawler (level 11, -8/196 HPs)
             Began as a Troll Berserker on Aug 31, 2023.
             Was a High Priest of Trog.
             Mangled by a cacodemon (18 damage)
             ... in the Dungeon (Sprint II: "The Violet Keep of Menkaure").
             The game lasted 00:04:45 (891 turns).

sircluck the Brawler (Troll Berserker)               Turns: 891, Time: 00:04:46

Health: -8/196     AC:  4    Str: 31    XL:     11   Next: 63%
Magic:  10/10      EV: 14    Int:  3    God:    Trog [*****.]
Gold:   1448       SH:  0    Dex:  9    Spells: 10/10 levels left

rFire   . .          .
                       - Unarmed
rCold   . . .        (no shield)
rNeg    . . .        a - +0 animal skin
rPois   .            (helmet restricted)
rElec   .            (no cloak)
rCorr   .            (gloves unavailable)
SInv    .            (boots unavailable)
Will    .....        (no amulet) Stlth
                     (no ring)
HPRegen 1.32/turn    (no ring)
MPRegen 0.12/turn

%: no teleportation
@: berserking, very quick
A: large, unfitting armour, claws 3, regeneration 1, shaggy fur 1, tough skin 1
a: Renounce Religion, Berserk, Trog's Hand, Brothers in Arms


You were in the Dungeon.
You worshipped Trog.
Trog was extremely pleased with you.
You visited 1 branch You collected 1474 gold pieces.
You spent 26 gold pieces at shops.

Inventory:

Armour
 a - a +0 animal skin (worn)
Talismans
 b - a granite talisman
Wands
 i - a wand of digging (5)
Scrolls
 g - a scroll of blinking
 j - a scroll of identify
Potions
 c - a potion of heal wounds
 d - a potion of haste
 e - 2 potions of magic
 f - a potion of berserk rage
 h - 3 potions of enlightenment {unknown}


   Skills:
 + Level 14.8 Fighting
 + Level 14.6 Dodging
 + Level 17.1 Unarmed Combat


You had 10 spell levels left.
You didn't know any spells.
Your spell library was empty.

Dungeon Overview and Level Annotations

Branches:
Dungeon (1/1)

Altars:

Shops:
D :(:[[[?!*:[(?=([=[[(::!!:=[:

Annotations:
D exclusion: oklob plant


Innate Abilities, Weirdness & Mutations

You are too large for most types of armour.
You have claws for hands.
Your natural rate of healing is unusually fast.
You are covered in fur. (AC +1)
You have tough skin. (AC +1)


Message History

The bolt of lightning misses you.
You barely miss the storm dragon.
The storm dragon is heavily wounded.
The storm dragon barely misses you. x2; The storm dragon tramples you.
You hold your ground!
A red film seems to cover your vision as you go berserk!
You feel yourself moving faster!
You feel mighty! The storm dragon bites you!! The storm dragon claws you!
The storm dragon tramples you!
* * * LOW HITPOINT WARNING * * *
You hold your ground!
You scratch the storm dragon.
The storm dragon is heavily wounded.
The storm dragon bites you!
* * * LOW HITPOINT WARNING * * *
The storm dragon claws you.
* * * LOW HITPOINT WARNING * * *
The storm dragon tramples you!
* * * LOW HITPOINT WARNING * * *
You hold your ground!
You claw the storm dragon!
The storm dragon is severely wounded.
You eviscerate the storm dragon!!!
You kill the storm dragon!
Trog accepts your kill.
The storm dragon scales are intact enough to wear.
Your Unarmed Combat skill increases to level 17!
You mangle the cacodemon!!
The cacodemon is moderately wounded.
You scratch the cacodemon.
The cacodemon is moderately wounded.
The cacodemon gestures at you. The bolt of energy hits you!!
* * * LOW HITPOINT WARNING * * *
You claw the cacodemon! You claw the cacodemon!!
The cacodemon is severely wounded.
You mangle the cacodemon!!
You claw the cacodemon, but do no damage.
The cacodemon is almost dead.
The cacodemon closely misses you. The cacodemon hits you!!
You die...

########### #......†).#
#......#[.####
#'######'##..####+####
#∩∩∩∩∩∩#).÷.##.○.....##
#∩∩∩∩∩∩#@.###..°....○.##
#########2.+.....8.....#
..##..[####°...°....
.DeD..D2e.~## .....
############~~#+++#+++##
###########~~~.........#
##....∩.∩.#~~~~.##+##..#
##...∩.∩..#~~~~##.#.##.###
##..∩.∩...#~~~~#..#..#....


You could see a cacodemon.

Vanquished Creatures
  Kirke (D)
  A storm dragon (D)
  Roxanne (D)
  A yaktaur captain (D)
  2 boulder beetles (D)
  A centaur warrior (D)
  An iron elemental (D)
  A skeletal warrior (D)
  An elephant (D)
  A merfolk siren (D)
  3 yaks (D)
  3 wyverns (D)
  2 redbacks (D)
  Menkaure (D)
  2 water moccasins (D)
  A necrophage (D)
  5 scorpions (D)
  An iron imp (D)
  A spectral adder (D)
  3 worms (D)
  A spectral bat (D)
34 creatures vanquished.

Vanquished Creatures (collateral kills)
  A golden dragon (D)
  A bone dragon (D)
  A kobold demonologist (D)
3 creatures vanquished.

Grand Total: 37 creatures vanquished

Notes
Turn   | Place    | Note
-------+----------+-------------------------------------------
     0 | D        | sircluck the Troll Berserker began the quest for the Orb.
     0 | D        | Reached XP level 1. HP: 22/22 MP: 0/0
     1 | D        | Noticed a boulder beetle
     1 | D        | Noticed a boulder beetle
    18 | D        | Reached ** piety under Trog
    19 | D        | Reached XP level 2. HP: 18/31 MP: 1/1
    23 | D        | Found Cailitub's Book Boutique.
    23 | D        | Found Axutotof's Distillery.
    23 | D        | Found Foacs's Antique Armour Boutique.
    23 | D        | Found Daextaq's Antique Armour Shop.
    23 | D        | Found Ehuirhep's Distillery.
    23 | D        | Found Jungaga's Jewellery Boutique.
    24 | D        | Found Itrig's Jewellery Boutique.
    24 | D        | Found Xyaxo's Magic Scroll Shop.
    24 | D        | Found Iliyl's Antique Weapon Boutique.
    24 | D        | Found Axir's Jewellery Shop.
    25 | D        | Found Joof's General Store.
    25 | D        | Found Vapnughoif's Distillery.
    25 | D        | Noticed a water moccasin
    26 | D        | Found Umetraw's Antique Armour Boutique.
    26 | D        | Found Dosoj's Antique Weapon Shop.
    26 | D        | Noticed a water moccasin
    26 | D        | Noticed a water moccasin
    34 | D        | HP: 2/46 [water moccasin (7)]
    35 | D        | Killed a water moccasin
    36 | D        | Reached skill level 5 in Fighting
    36 | D        | Reached skill level 5 in Dodging
    36 | D        | Reached skill level 6 in Unarmed Combat
    36 | D        | Reached XP level 3. HP: 4/42 MP: 2/2
    36 | D        | Reached XP level 4. HP: 5/50 MP: 3/3
    45 | D        | Noticed an ice statue
    47 | D        | Noticed Menkaure
    52 | D        | Killed Menkaure
    53 | D        | Reached skill level 7 in Unarmed Combat
    53 | D        | Reached XP level 5. HP: 19/59 MP: 4/4
   108 | D        | Reached *** piety under Trog
   111 | D        | Noticed a water moccasin
   112 | D        | Reached XP level 6. HP: 68/68 MP: 5/5
   114 | D        | Reached skill level 8 in Unarmed Combat
   121 | D        | Killed a water moccasin
   125 | D        | Reached **** piety under Trog
   126 | D        | Reached skill level 9 in Unarmed Combat
   139 | D        | Noticed a merfolk siren
   148 | D        | Killed a merfolk siren
   149 | D        | Reached skill level 10 in Unarmed Combat
   149 | D        | Reached XP level 7. HP: 8/81 MP: 6/6
   226 | D        | Killed a boulder beetle
   227 | D        | Reached skill level 11 in Unarmed Combat
   227 | D        | Reached XP level 8. HP: 93/93 MP: 7/7
   260 | D        | Killed a boulder beetle
   261 | D        | Reached skill level 10 in Fighting
   261 | D        | Reached skill level 10 in Dodging
   261 | D        | Reached skill level 12 in Unarmed Combat
   261 | D        | Reached XP level 9. HP: 37/102 MP: 8/8
   334 | D        | Noticed an oklob plant
   335 | D        | Found Ryurruro's Book Shoppe.
   368 | D        | Reached ***** piety under Trog
   386 | D        | Noticed Roxanne
   405 | D        | HP: 1/102 [Roxanne/entropic shot (42)]
   408 | D        | Killed Roxanne
   409 | D        | Reached skill level 13 in Unarmed Combat
   534 | D        | Found Nuqox's Book Boutique.
   587 | D        | Noticed an elephant
   587 | D        | Noticed a centaur warrior
   587 | D        | Noticed Kirke
   587 | D        | Noticed a skeletal warrior
   587 | D        | Noticed a yaktaur captain
   587 | D        | Noticed a kobold demonologist
   596 | D        | Killed Kirke
   597 | D        | Reached XP level 10. HP: 115/115 MP: 9/9
   600 | D        | Killed a yaktaur captain
   601 | D        | Reached skill level 14 in Unarmed Combat
   605 | D        | Killed an elephant
   611 | D        | Killed a centaur warrior
   616 | D        | Killed a skeletal warrior
   616 | D        | Identified the +6 triple sword "Duvymiq" {flame, Dex+2}
                  | (Trog gifted it to you in the Dungeon)
   616 | D        | Received a gift from Trog
   617 | D        | Reached skill level 15 in Unarmed Combat
   666 | D        | Noticed an iron elemental
   675 | D        | Killed an iron elemental
   739 | D        | Received a gift from Trog
   741 | D        | Reached ****** piety under Trog
   751 | D        | Reached XP level 11. HP: 72/127 MP: 10/10
   827 | D        | Found Keofet's Book Emporium.
   827 | D        | Found Xoegamn's Armour Shop.
   827 | D        | Found Neboar's Antique Weapon Shop.
   827 | D        | Found Feathric's Armour Shoppe.
   827 | D        | Found Waifiuta's Magic Scroll Boutique.
   828 | D        | Found Piunucw's Armour Shoppe.
   828 | D        | Found Inoxkedo's Book Boutique.
   828 | D        | Found Cywoeniu's Weapon Emporium.
   828 | D        | Found Qantami's Book Shop.
   828 | D        | Found Xualeu Omiwn's Armour Emporium.
   828 | D        | Found Cuttasyz's Antique Armour Shop.
   828 | D        | Found Loidecal's Book Shoppe.
   841 | D        | Bought a scroll of identify for 26 gold pieces
   858 | D        | Noticed a cacodemon
   859 | D        | Noticed a bone dragon
   859 | D        | Noticed a golden dragon
   859 | D        | Noticed a deep elf high priest
   859 | D        | Noticed a storm dragon
   860 | D        | Noticed a frost giant
   869 | D        | Killed a bone dragon
   870 | D        | Reached skill level 16 in Unarmed Combat
   873 | D        | Killed a golden dragon
   887 | D        | Killed a storm dragon
   888 | D        | Reached skill level 17 in Unarmed Combat
   889 | D        | HP: 9/196 [disintegration (26)]
   891 | D        | Mangled by a cacodemon

Illustrated notes

Levels and vault maps discovered:
D:        the_violet_keep_of_menkaure [sprint2_stairs_cluster_1,
          sprint2_shoproom, sprint2_temple, sprint2_basic_supplies,
          sprint2_obstacle_6, sprint2_obstacle_1, sprint2_obstacle_2,
          sprint2_obstacle_7, sprint2_obstacle_4, sprint2_timed_cluster_1,
          sprint2_smallroom_cluster_1, sprint2_smallroom_final_cluster_1,
          sprint2_transparent_cluster_1, sprint2_second_timed_cluster_1,
          sprint2_sniper_area_1, sprint2_heavy_combat_area_1,
          sprint2_mutation_trap_area_1, sprint2_forest_area_1,
          sprint2_light_combat_area_1, sprint2_behind_water_1,
          sprint2_near_end_vault_1]

Skill      XL: |  1  2  3  4  5  6  7  8  9 10 11 |
---------------+----------------------------------+-----
Fighting       | 3 5 6 8 9 10 11 13 14 | 14.8
Dodging        | 3 5 6 8 9 10 11 13 14 | 14.6
Unarmed Combat | 6 7 10 11 12 13 15 17 | 17.1

Action                     |  1- 3 |  4- 6 |  7- 9 | 10-12 || total
---------------------------+-------+-------+-------+-------++-------
  Melee: Unarmed           |    16 |    28 |    50 |    60 ||   154
         Punch             |       |     1 |     3 |     7 ||    11
 Invoke: Berserk           |     1 |       |     3 |     2 ||     6
         Brothers in Arms  |       |       |     1 |     2 ||     3
    Use: Potion            |     1 |       |       |       ||     1
 Armour: Animal skin       |    16 |    17 |    21 |    38 ||    92
  Dodge: Dodged            |     3 |    14 |     9 |    23 ||    49

Table legend: (Time is in decaauts)
 A = Elapsed time spent in this place.
 B = Non-inter-level travel time spent in this place.
 C = Inter-level travel time spent in this place.
 D = Time resting spent in this place.
 E = Time spent auto-exploring this place.
 F = Levels seen in this place.
 G = Mean time per level.
                   A        B        C        D        E       F      G
               +--------+--------+--------+--------+--------+-----+--------+
         Total |    928 |    928 |      0 |    394 |    131 |   1 |  928.0 |
       Dungeon |    928 |    928 |      0 |    394 |    131 |   1 |  928.0 |
               +--------+--------+--------+--------+--------+-----+--------+

Top non-repeatable levels by time:
       D: 928 daAuts
